 Dungeon Crawl Stone Soup version 0.30.1-9-gdf580d7c3d (webtiles) character file.

Game seed: 1045657304541742901

366 leafyfresh the Digger (level 6, -1/36 HPs)
             Began as an Octopode Earth Elementalist on Oct 12, 2023.
             Slain by a scorpion (6 damage)
             ... on level 4 of the Dungeon.
             The game lasted 00:05:01 (2664 turns).

leafyfresh the Digger (Octopode Earth Elementalist) Turns: 2664, Time: 00:05:02

Health: -1/36      AC:  1    Str:  7    XL:     6   Next: 68%
Magic:  8/13       EV: 13    Int: 20    God:
Gold:   179        SH:  0    Dex: 12    Spells: 8/14 levels left

rFire   . . .        p - +0 rapier
rCold   . . .        (no shield)
rNeg    . . .        (helmet restricted)
rPois   +            (no amulet)
rElec   .            h - ring of poison resistance
rCorr   .            s - ring of poison resistance
SInv    .            (no ring)
Will    .....        (no ring)
Stlth   +++          (no ring)
HPRegen 0.26/turn    (no ring)
MPRegen 0.13/turn    (no ring)
                     (no ring)

%: no passive effects
@: lethally poisoned (-1 -> -9)
A: almost no armour, amphibious, 8 rings, camouflage 1, gelatinous body 1,
(nimble swimmer 1), tentacles
a: no special abilities


You were on level 4 of the Dungeon.
You visited 1 branch of the dungeon, and saw 4 of its levels.

You collected 179 gold pieces.

Inventory:

Hand Weapons
 l - a +0 whip
 p - a +0 rapier (weapon)
Armour
 o - a +0 helmet
Jewellery
 h - a ring of poison resistance (left tentacle)
 s - a ring of poison resistance (right tentacle)
Scrolls
 b - 2 scrolls of teleportation {unknown}
 e - 4 scrolls of identify {unknown}
 i - a scroll of fog {unknown}
 m - a scroll of immolation {unknown}
 n - a scroll of noise {unknown}
 r - a scroll of amnesia {unknown}
Potions
 a - a potion of magic
 c - a potion of resistance {unknown}
 d - 3 potions of heal wounds {unknown}
 f - a potion of attraction {unknown}
 g - a potion of curing {unknown}
 j - a potion of might
 k - a potion of lignification {unknown}
 q - a potion of ambrosia {unknown}


   Skills:
 - Level 2.0 Dodging
 - Level 2.6 Stealth
 + Level 4.6 Spellcasting
 - Level 1.0 Transmutations
 + Level 5.5 Earth Magic


You had 8 spell levels left.
You knew the following spells:

 Your Spells              Type           Power      Damage    Failure   Level
a - Sandblast             Erth           52%        2d12      1%          1
b - Passwall              Tmut/Erth      14%        N/A       4%          2
c - Stone Arrow           Conj/Erth      30%        3d8       12%         3

Your spell library contained the following spells:

 Spells                   Type           Power      Damage    Failure   Level
 Magic Dart               Conj           16%        1d3       12%         1
 Searing Ray              Conj           8%         2d4       19%         2
 Petrify                  Tmut/Erth      17%        N/A       30%         4
 Dazzling Flash           Conj/Hex       8%         N/A       34%         3
 Volatile Blastmotes      Fire/Tloc      8%         2d10      34%         3
 Fulminant Prism          Conj/Hex       2%         3d5       75%         4
 Iskenderun's Mystic Bla  Conj/Tloc      4%         2d3       75%         4
 Starburst                Conj/Fire      2%         6d3       100%        6


Dungeon Overview and Level Annotations

Branches:
Dungeon (4/15)             Temple (0/1) D:4

Altars:

Annotations:
D:3 3 runed translucent doors, chicagocrazy's ghost, amateur OpVM


Innate Abilities, Weirdness & Mutations

You cannot wear most types of armour.
You are amphibious.
You can wear up to eight rings at the same time.
Your skin changes colour to match your surroundings (Stealth+).
Your rubbery body absorbs attacks. (AC +1, EV +1)
((You are camouflaged when in or above water. (Stealth+)))
You have tentacles for arms and can constrict up to eight enemies at once.


Message History

Confirm with . or Enter, or press ? or * to list all spells.
Aiming: Sandblast (safe; 1% risk of failure)
Press: ? - help, Shift-Dir - straight line, f - endoplasm
Aim: an endoplasm (98% to hit)
The blast of sand hits the endoplasm!
You kill the endoplasm!
The scorpion stings you.
You are poisoned.
The scorpion poisons you!
Casting: Sandblast (safe; 1% risk of failure)
Confirm with . or Enter, or press ? or * to list all spells.
Aiming: Sandblast (safe; 1% risk of failure)
Press: ? - help, Shift-Dir - straight line, f - scorpion
Aim: a scorpion (83% to hit)
The blast of sand hits the scorpion!
The scorpion is heavily wounded.
You feel very sick. The scorpion closely misses you.
The scorpion barely misses you.
Casting: Sandblast (safe; 1% risk of failure)
Confirm with . or Enter, or press ? or * to list all spells.
Aiming: Sandblast (safe; 1% risk of failure)
Press: ? - help, Shift-Dir - straight line, f/p - scorpion
Aim: a scorpion (heavily wounded, 83% to hit)
The blast of sand hits the scorpion.
The scorpion is severely wounded.
You feel sick. The scorpion barely misses you. The scorpion stings you.
* * * LOW HITPOINT WARNING * * *
You are lethally poisoned!
The scorpion poisons you!
Casting: Sandblast (safe; 1% risk of failure)
Confirm with . or Enter, or press ? or * to list all spells.
Aiming: Sandblast (safe; 1% risk of failure)
Press: ? - help, Shift-Dir - straight line, f/p - scorpion
Aim: a scorpion (severely wounded, 83% to hit)
The blast of sand hits the scorpion.
The scorpion is severely wounded.
* * * LOW HITPOINT WARNING * * *
You feel very sick. The scorpion closely misses you. The scorpion stings you.
You die...

.$..#...###.#.....
#.#.<.....#.#..#
#..#......)....#
###.......#.##.#
............##.#
........###.##.#
.....##)# #.##.#
.... #.###.##s##
.. #....##.@.#
#.##.##?....#
#.#...8>8...#
#.#..##.......
#....###.......
###..# ####....#
#..# ...... #..#
...... #..#


You could see a scorpion.

Vanquished Creatures
  Sigmund (D:3)
  A hound (D:3)
  An orc priest (D:3)
  An iguana (D:4)
  A gnoll (D:3)
  A river rat (D:3)
  2 adders (D:3)
  2 worms (D:3)
  2 orcs (D:3)
  6 endoplasms
  2 giant cockroaches
  3 goblins
  7 hobgoblins
  9 jackals
  6 kobolds
  5 quokkas
  10 ball pythons
  5 bats
  7 frilled lizards
  7 rats
79 creatures vanquished.

Notes
Turn   | Place    | Note
-------+----------+-------------------------------------------
     0 | D:1      | leafyfresh the Octopode Earth Elementalist began the quest
                  | for the Orb.
     0 | D:1      | Reached XP level 1. HP: 11/11 MP: 3/3
   180 | D:1      | Reached XP level 2. HP: 17/17 MP: 5/5
   559 | D:1      | Reached XP level 3. HP: 21/21 MP: 4/6
  1447 | D:3      | Reached skill level 4 in Earth Magic
  1447 | D:3      | Reached XP level 4. HP: 27/27 MP: 4/8
  1546 | D:3      | Found a faded altar of an unknown god.
  1657 | D:3      | Noticed Sigmund
  1668 | D:3      | Killed Sigmund
  1669 | D:3      | Reached skill level 5 in Earth Magic
  1669 | D:3      | Reached XP level 5. HP: 10/31 MP: 6/11
  1669 | D:3      | Reached XP level 6. HP: 11/36 MP: 6/12
  1821 | D:3      | Found a runed translucent gate.
  1822 | D:3      | Found a runed translucent gate.
  1823 | D:3      | Found a runed translucent gate.
  1843 | D:3      | Learned a level 2 spell: Passwall
  1847 | D:3      | Learned a level 3 spell: Stone Arrow
  2264 | D:3      | Noticed chicagocrazy's ghost (amateur OpVM)
  2628 | D:4      | Found a staircase to the Ecumenical Temple.
  2664 | D:4      | Slain by a scorpion

Illustrated notes

Levels and vault maps discovered:
D:1:      spicycebolla_arrival_clurvy, layout_loops_cross, minmay_tiny_reverse_x
D:2:      layout_rooms, corexii_leaking_fountain, kennysheep_decorative_pillar,
          kennysheep_generic_room_16
D:3:      layout_basic, portal_sewer_entry_a, gammafunk_ghost_icy,
          dreamdust_ecumenical_altar_grove, minmay_fractal_squares_gapless_5,
          uniq_sigmund
D:4:      layout_loops_ring, temple_statues, guppyfry_early_orc_mine

Skill      XL: |  1  2  3  4 |
---------------+-------------+-----
Spellcasting   | 3 4 |  4.6
Earth Magic    | 4 5 |  5.5
Dodging        | |  2.0
Stealth        | |  2.6
Transmutations | |  1.0

Action                     |  1- 3 |  4- 6 || total
---------------------------+-------+-------++-------
  Melee: Unarmed           |    39 |       ||    39
         Constrict         |    11 |     9 ||    20
         Tentacles         |     7 |     5 ||    12
         Rapier            |       |    45 ||    45
   Cast: Sandblast         |    39 |    27 ||    66
   Stab: Sleeping          |     8 |     8 ||    16
 Armour: Skin              |     2 |     6 ||     8
  Dodge: Dodged            |    43 |    42 ||    85
